 Dungeon Crawl Stone Soup version 0.30.0 (webtiles) character file.

Game seed: 5353786613164980052

9 Dani the Trooper (level 2, 16/24 HPs)
             Began as a Demonspawn Fighter on May 21, 2023.
             Quit the game on level 1 of the Dungeon.
             The game lasted 00:00:43 (70 turns).

Dani the Trooper (Demonspawn Fighter)                 Turns: 70, Time: 00:00:43

Health: 16/24      AC:  6    Str: 16    XL:     2   Next: 3%
Magic:  2/2        EV: 10    Int:  9    God:
Gold:   14         SH:  4    Dex: 12    Spells: 1/1 levels left

rFire   . . .        a - +0 war axe
rCold   . . .        c - +0 buckler
rNeg    . . .        b - +0 scale mail
rPois   .            (no helmet)
rElec   .            (no cloak)
rCorr   .            (no gloves)
SInv    .            (no boots)
Will    .....        (no amulet) Stlth
                     (no ring)
HPRegen 0.24/turn    (no ring)
MPRegen 0.08/turn

%: no passive effects
@: no status effects
A: repulsion field 1
a: no special abilities


You were on level 1 of the Dungeon.
You visited 1 branch of the dungeon, and saw 1 of its levels.

You collected 14 gold pieces.

Inventory:

Hand Weapons
 a - a +0 war axe (weapon)
Armour
 b - a +0 scale mail (worn)
 c - a +0 buckler (worn)
Potions
 d - a potion of might
 e - a potion of flight {unknown}


   Skills:
 + Level 3.1 Fighting
 + Level 2.0 Axes
 + Level 2.8 Armour
 + Level 2.8 Shields


You had one spell level left.
You didn't know any spells.
Your spell library was empty.

Dungeon Overview and Level Annotations

Branches:
Dungeon (1/15)

Altars:


Innate Abilities, Weirdness & Mutations

You are surrounded by a mild repulsion field. (EV +2)


Message History

A goblin is nearby!
You slash the goblin!
You kill the goblin!
HP restored.
Things that are here:
a +0 club; a goblin corpse You now have 14 gold pieces.
Key pressed, stopping explore.
No target in view!
A rat comes into view.
The rat twitches its whiskers.
A rat is nearby!
A rat is nearby!
The rat bites you but does no damage.
A rat is nearby!
A rat is nearby!
You barely miss the rat. The rat bites you but does no damage.
The rat closely misses you.
A rat is nearby!
You hit the rat.
You kill the rat!
No target in view!
e - a ruby potion No target in view!
You see here a rat corpse.
You open the door.
A quokka comes into view.
There is an open door here.
A quokka is nearby!
A quokka is nearby!
A quokka is nearby!
You barely miss the quokka. You block the quokka's attack.
A quokka is nearby!
You hit the quokka.
The quokka is almost dead.
You block the quokka's attack. The quokka closely misses you.
A quokka is nearby!
A quokka is nearby!
You slash the quokka!
You kill the quokka!
You see here a quokka corpse.
Key pressed, stopping explore.
No target in view!
Key pressed, stopping explore.
No target in view!
A jackal comes into view.
The jackal barks!
You hear a bark!
The jackal moves out of view.
No target in view!
A jackal comes into view.
The jackal bites you but does no damage.
A jackal comes into view.
The jackal closely misses you.
The jackal moves out of view.
There are monsters nearby!
There are monsters nearby!
You hit the jackal but do no damage. You block the jackal's attack.
The jackal bites you but does no damage.
There are monsters nearby!
You closely miss the jackal.
The jackal bites you but does no damage.
There are monsters nearby!
You slash the jackal!
You kill the jackal!
The jackal bites you but does no damage.
Your Axes skill increases to level 2!
A jackal is nearby!
You hit the jackal.
The jackal is lightly wounded.
You block the jackal's attack. The jackal bites you.
A jackal is nearby!
You barely miss the jackal.
The jackal is lightly wounded.
The jackal bites you. The jackal barely misses you.
A jackal is nearby!
You barely miss the jackal.
The jackal is lightly wounded.
The jackal barely misses you. The jackal bites you.
The jackal barely misses you.
A jackal is nearby!
You closely miss the jackal.
The jackal is lightly wounded.
The jackal bites you but does no damage.
The jackal barely misses you.
A jackal is nearby!
A jackal is nearby!
You hit the jackal.
The jackal is almost dead.
You block the jackal's attack.
The jackal bites you but does no damage.
A jackal is nearby!
You closely miss the jackal.
The jackal is almost dead.
You block the jackal's attack. The jackal bites you.
A jackal is nearby!
You slash the jackal!
You kill the jackal!
You have reached level 2!
Your demonic ancestry asserts itself...
You begin to radiate repulsive energy.
Are you sure you want to abandon this character and quit the game? (Confirm with "yes".)

######## #######
#......# ## #.....#
#......#
...#####.....####......#
.............†..'...†...
.............####......#
...####.###### #......#
#@# #......# .......†#
####.... ......### #....
...... ############....
..... #.......##...)..
..#.. +...<...'..##### .
.. #.......##.# ...
##########.#
#.......#..#


There were no monsters in sight!

Vanquished Creatures
  A bat (D:1)
  An endoplasm (D:1)
  A goblin (D:1)
  2 jackals (D:1)
  A quokka (D:1)
  A rat (D:1)
7 creatures vanquished.

Notes
Turn   | Place    | Note
-------+----------+-------------------------------------------
     0 | D:1      | Dani the Demonspawn Fighter began the quest for the Orb.
     0 | D:1      | Reached XP level 1. HP: 18/18 MP: 1/1
    63 | D:1      | Reached skill level 2 in Axes
    70 | D:1      | Gained mutation: You are surrounded by a mild repulsion
                  | field. (EV +2) [demonic ancestry]
    70 | D:1      | Reached XP level 2. HP: 16/24 MP: 2/2
    70 | D:1      | Quit the game

Illustrated notes

Levels and vault maps discovered:
D:1:      minmay_arrival_up_and_down, layout_basic, st_stairs_11,
          minmay_misc_feat_alley

Skill      XL: |  1 |
---------------+----+-----
Axes           | 2 |  2.0
Fighting       | |  3.1
Armour         | |  2.8
Shields        | |  2.8

Action                     || total
---------------------------++-------
  Melee: War axe           ||    23
 Armour: Scale mail        ||    12
  Dodge: Dodged            ||    12
  Block: Buckler           ||     9

Levels and vault maps discovered:
D:1:      minmay_arrival_up_and_down, layout_basic, st_stairs_11,
          minmay_misc_feat_alley

Table legend: (Time is in decaauts)
 A = Elapsed time spent in this place.
 B = Non-inter-level travel time spent in this place.
 C = Inter-level travel time spent in this place.
 D = Time resting spent in this place.
 E = Time spent auto-exploring this place.
 F = Levels seen in this place.
 G = Mean time per level.
                   A        B        C        D        E       F      G
               +--------+--------+--------+--------+--------+-----+--------+
         Total |     80 |     80 |      0 |      0 |     32 |   1 |   80.0 |
       Dungeon |     80 |     80 |      0 |      0 |     32 |   1 |   80.0 |
               +--------+--------+--------+--------+--------+-----+--------+

Top non-repeatable levels by time:
     D:1: 80 daAuts

Table legend:
 A = Kills in this place as a percentage of kills in the entire game.
 B = Kills by you in this place as a percentage of kills by you in the entire game.
 C = Kills by friends in this place as a percentage of kills by friends in the entire game.
 D = Other kills in this place as a percentage of other kills in the entire game.
 E = Experience gained in this place as a percentage of experience gained in the entire game.
 F = Experience gained in this place divided by the number of levels of this place that you have seen.
                   A       B       C       D       E      F
               +-------+-------+-------+-------+-------+----------------------
         Total | 100.0 | 100.0 |   N/A |   N/A | 100.0 |  13.0
       Dungeon | 100.0 | 100.0 |   N/A |   N/A | 100.0 |  13.0
               +-------+-------+-------+-------+-------+----------------------
